 Dungeon Crawl Stone Soup version 0.22-a0-354-g30dfbe6 (webtiles) character file.

881 Amnesiac the Merchant of Misery (level 7, -1/54 HPs)
             Began as a Mummy Necromancer on Apr 16, 2018.
             Was a Believer of Kikubaaqudgha.
             Splashed by Pikel's acid (9 damage)
             ... on level 4 of the Dungeon.
             The game lasted 00:10:02 (5173 turns).

Amnesiac the Merchant of Misery (Mummy Necromancer) Turns: 5173, Time: 00:10:03

Health: -1/54      AC:  3    Str: 11    XL:     7   Next: 75%
Magic:  5/14       EV: 12    Int: 16    God:    Kikubaaqudgha [**....]
Gold:   177        SH:  0    Dex: 13    Spells: 8/16 levels left

rFire    x . .     SeeInvis .   o - +0 hunting sling
rCold    + + .     Gourm    .   (no shield)
rNeg     + + +     Faith    .   e - +0 ring mail
rPois    ∞         Spirit   .   (no helmet)
rElec    .         Reflect  .   l - +0 cloak (curse)
rCorr    .         Harm     .   g - +0 pair of gloves
MR       .....     Rnd*Tele +   (no boots)
Stlth    +.........             (no amulet)
HPRegen  0.18/turn              c - ring of teleportation (curse)
MPRegen  0.14/turn              f - ring of protection from cold

@: corroded
A: no food or potions, fire vulnerability, cold resistance 1, negative energy
resistance 3, torment resistance, unbreathing
a: Receive Corpses, Renounce Religion


You were on level 4 of the Dungeon.
You worshipped Kikubaaqudgha.
Kikubaaqudgha was pleased with you.
You were not hungry.

You visited 1 branch of the dungeon, and saw 5 of its levels.

You collected 177 gold pieces.

Inventory:

Hand Weapons
 b - a +1 falchion
 o - a +0 hunting sling (weapon)
Missiles
 j - 35 sling bullets (quivered)
 k - 224 stones
Armour
 e - a +0 ring mail (worn)
 g - a +0 pair of gloves (worn)
 l - a cursed +0 cloak (worn)
 m - a +1 hat
Jewellery
 c - a cursed ring of teleportation (left hand)
 f - a ring of protection from cold (right hand)
Wands
 d - a wand of disintegration (13)
Scrolls
 a - 10 scrolls of identify {!r}
 h - a scroll of enchant armour {!r, unknown}
 i - a scroll of teleportation {!r}
 n - a scroll of fear {!r}
 p - a scroll of remove curse {!r, unknown}


   Skills:
 + Level 4.0 Fighting
 * Level 5.2 Dodging
 - Level 1.5 Stealth
 - Level 5.0 Spellcasting
 + Level 5.2 Necromancy


You had 8 spell levels left.
You knew the following spells:

 Your Spells              Type           Power        Failure   Level  Hunger
a - Pain                  Necr           ###.         4%          1    N/A
b - Animate Dead          Necr           N/A          41%         4    N/A
d - Vampiric Draining     Necr           ###.......   13%         3    N/A

Dungeon Overview and Level Annotations

Branches:
Dungeon (5/15)
 Temple: D:4-7

Altars:
Ashenzari
Cheibriados
Dithmenos
Elyvilon
Fedhas
Kikubaaqudgha
Okawaru
Ru
Wu Jian
Zin

Annotations:
D:4 Pikel


Innate Abilities, Weirdness & Mutations

You do not eat or drink.
Your flesh is vulnerable to fire.
You are immune to poison.
Your flesh is cold resistant. (rC+)
You are immune to negative energy. (rN+++)
You are immune to unholy pain and torment.
You can survive without breathing.


Message History

Pikel closely misses you.
Firing (i - inventory. (/) - cycle)
j - 40 sling bullets (quivered)
Press: ? - help, Shift-Dir - straight line, f/p - Pikel
Aim: Pikel, wielding a whip of flaming and wearing a robe (lightly wounded)
You shoot a sling bullet. The sling bullet hits Pikel.
Pikel is lightly wounded.
Pikel closely misses you.
Firing (i - inventory. (/) - cycle)
j - 39 sling bullets (quivered)
Press: ? - help, Shift-Dir - straight line, f/p - Pikel
Aim: Pikel, wielding a whip of flaming and wearing a robe (lightly wounded)
You shoot a sling bullet. The sling bullet closely misses Pikel.
The sling bullet hits the slave but does no damage.
The slave is severely wounded.
Pikel hits you with a whip of flaming. Pikel burns you.
Pikel says, "You'll feel the lick of my whip!"
Pikel hits you with a whip of flaming. Pikel burns you.
Casting: Vampiric Draining (safe; 13% risk of failure)
Confirm with . or Enter, or press ? or * to list all spells.
Aiming: Vampiric Draining (safe; 13% risk of failure)
Press: ? - help, Shift-Dir - straight line, f/p - Pikel
Aim: Pikel, wielding a whip of flaming and wearing a robe (lightly wounded) Pikel is heavily wounded.
You feel life coursing into your body. Pikel hits you but does no damage.
Firing (i - inventory. (/) - cycle)
j - 38 sling bullets (quivered)
Press: ? - help, Shift-Dir - straight line, f/p - Pikel
Aim: Pikel, wielding a whip of flaming and wearing a robe (heavily wounded)
You shoot a sling bullet. The sling bullet hits Pikel.
Pikel is heavily wounded.
Pikel hits you with a whip of flaming. Pikel burns you.
Firing (i - inventory. (/) - cycle)
j - 37 sling bullets (quivered)
Press: ? - help, Shift-Dir - straight line, f/p - Pikel
Aim: Pikel, wielding a whip of flaming and wearing a robe (heavily wounded)
You shoot a sling bullet.
The sling bullet hits Pikel but does no damage.
Pikel is heavily wounded.
Pikel zaps a wand.
The bolt of acid hits you!
You are splashed with acid!
The acid burns!
* * * LOW HITPOINT WARNING * * *
It is a wand of acid (8).
Firing (i - inventory. (/) - cycle)
j - 36 sling bullets (quivered)
Press: ? - help, Shift-Dir - straight line, f/p - Pikel
Aim: Pikel, wielding a whip of flaming, wearing a robe and carrying a wand of acid (8) (heavily wounded)
You shoot a sling bullet. The sling bullet hits Pikel.
Pikel is heavily wounded.
Pikel drinks a potion.
Pikel is healed!
Casting: Vampiric Draining (safe; 13% risk of failure)
Confirm with . or Enter, or press ? or * to list all spells.
Aiming: Vampiric Draining (safe; 13% risk of failure)
Press: ? - help, Shift-Dir - straight line, f/p - Pikel
Aim: Pikel, wielding a whip of flaming, wearing a robe and carrying a wand of acid (8) (moderately wounded) Pikel is heavily wounded.
You feel life coursing into your body. Pikel barely misses you.
Casting: Vampiric Draining (safe; 13% risk of failure)
Confirm with . or Enter, or press ? or * to list all spells.
Aiming: Vampiric Draining (safe; 13% risk of failure)
Press: ? - help, Shift-Dir - straight line, f/p - Pikel
Aim: Pikel, wielding a whip of flaming, wearing a robe and carrying a wand of acid (8) (heavily wounded) Pikel is severely wounded.
You feel life coursing into your body.
Pikel zaps a wand.
The bolt of acid hits you!
* * * LOW HITPOINT WARNING * * *
The acid corrodes you!
You are splashed with acid!
The acid burns!
You die...
Kikubaaqudgha rasps: "You have failed me!
Welcome... oblivion!"

#o......#.#.### #.#######.#.#
############# #.# #.....#.#
#§§.......... #o###.##o.#.#
#............ #..o..##..#.#
#......)....§ ########..#.#
#............ #..#.#
#............
#######..#.#####.§...)......
#..O..o..#.@Kpp8............
#####O######.#.###pp............
#.....##..)....# ##8............
#o######.###.### ##............
#o#...o..#<#.# #............
#)##.#####.#o# #.[..........
#.##.# #o#.# #..§.........
#.##o# #.#.# #§§....[..§§.
#o...# #o#.# #....§...


You could see Pikel and 4 slaves.

Vanquished Creatures
  Sigmund (D:2)
  A phantom (D:4)
  3 ogres
  An orc priest (D:5)
  A bullfrog skeleton (D:4)
  An iguana (D:4)
  2 orc wizards
  4 adders
  5 gnolls
  3 oozes
  4 worms
  5 dart slugs
  2 leopard geckos (D:4)
  15 orcs
  6 bats
  10 goblins
  13 hobgoblins
  10 jackals
  2 quokkas (D:3)
  3 ball pythons (D:3)
  6 frilled lizards
  A jackal zombie (D:5)
  7 kobolds
  7 rats
  A plant (D:3)
114 creatures vanquished.

Vanquished Creatures (others)
  4 orcs (D:4)
4 creatures vanquished.

Grand Total: 118 creatures vanquished

Notes
Turn   | Place    | Note
-------+----------+-------------------------------------------
     0 | D:1      | Amnesiac the Mummy Necromancer began the quest for the Orb.
     0 | D:1      | Reached XP level 1. HP: 13/13 MP: 4/4
   138 | D:1      | Reached XP level 2. HP: 8/20 MP: 0/5
   387 | D:2      | Found an ornate altar of the Wu Jian Council.
   506 | D:2      | Found a white marble altar of Elyvilon.
   653 | D:2      | Found an iron altar of Okawaru.
   834 | D:3      | Found a sacrificial altar of Ru.
   878 | D:4      | Reached XP level 3. HP: 2/25 MP: 1/7
   883 | D:4      | Learned a level 3 spell: Vampiric Draining
  1217 | D:3      | Reached skill level 1 in Fighting
  1260 | D:3      | Reached XP level 4. HP: 18/32 MP: 1/8
  1360 | D:4      | Noticed a phantom
  1474 | D:4      | Noticed an ogre
  1477 | D:5      | Entered Level 5 of the Dungeon
  1593 | D:5      | Noticed a sky beast
  1604 | D:5      | Found a snail-covered altar of Cheibriados.
  1610 | D:4      | Noticed an ogre
  1708 | D:3      | Found a glowing silver altar of Zin.
  1714 | D:3      | Killed an ogre
  1714 | D:3      | Reached skill level 5 in Necromancy
  1714 | D:3      | Reached XP level 5. HP: 19/38 MP: 0/10
  2035 | D:3      | Found a shattered altar of Ashenzari.
  2289 | D:4      | Found a shadowy altar of Dithmenos.
  2307 | D:4      | Killed an ogre
  2307 | D:4      | Reached XP level 6. HP: 36/45 MP: 0/12
  2505 | D:5      | Found a blossoming altar of Fedhas.
  2505 | D:5      | Found an ancient bone altar of Kikubaaqudgha.
  2532 | D:5      | Became a worshipper of Kikubaaqudgha
  2667 | D:2      | Found a faded altar of an unknown god.
  3238 | D:1      | Reached * piety under Kikubaaqudgha
  3238 | D:1      | Identified Kikubaaqudgha's Disquisition on Evil Rites (Kikubaaqudgha gifted it to you on level 1 of the Dungeon)
  3238 | D:1      | Received a gift from Kikubaaqudgha
  3252 | D:1      | Learned a level 4 spell: Animate Dead
  3627 | D:2      | Noticed Sigmund
  3757 | D:2      | Killed Sigmund
  3757 | D:2      | Reached XP level 7. HP: 46/52 MP: 6/14
  4797 | D:4      | Reached skill level 5 in Spellcasting
  4843 | D:4      | Reached ** piety under Kikubaaqudgha
  4934 | D:4      | Reached skill level 5 in Dodging
  5158 | D:4      | Noticed Pikel
  5173 | D:4      | Splashed by Pikel's acid

Vault maps used:
D:1:      saegor_arrival_under_anarchy, roderic_lattice_a, minmay_pentomino_s4
D:2:      okawaru_gym_becter, lemuel_crystal_altar,
          chequers_ecumenical_altar_island, elyvilon_altar_1, uniq_sigmund
D:3:      corexii_shack_village, nicolae_overflow_hidden_temple,
          nicolae_ashenzari_panopticon, nicolae_ru_the_path_less_chosen,
          first_ration, minmay_shallow_snake_nest
D:4:      grunt_dithmenos_smoke_and_mirrors, lemuel_temple_firewalk_b,
          uniq_pikel
D:5:      grunt_temple_overflow_growth_and_decay,
          nicolae_tso_swordbearing_angel, nicolae_overflow_crystal_walls,
          slow_altar_2, minmay_door_square, xom_teletrap_fun

Skill      XL: |  1  2  3  4  5  6  7 |
---------------+----------------------+-----
Dodging        | 2 3 4 5 |  5.2
Spellcasting   | 3 4 5 |  5.0
Fighting       | 1 2 3 4 |  4.0
Necromancy     | 5 |  5.2
Stealth        | |  1.5

Action                   |  1- 3 |  4- 6 |  7- 9 || total
-------------------------+-------+-------+-------++-------
Melee: Unarmed           |    32 |       |       ||    32
       Falchion          |       |   128 |     5 ||   133
 Fire: Hunting sling     |       |       |   129 ||   129
 Cast: Pain              |    37 |    50 |     2 ||    89
       Vampiric Draining |     3 |    11 |    18 ||    32
Evoke: Wand              |     1 |       |       ||     1
  Use: Scroll            |     2 |     3 |     1 ||     6
 Stab: Sleeping          |       |     1 |       ||     1
Armor: Robe              |     1 |       |       ||     1
       Ring mail         |    11 |    87 |    34 ||   132
Dodge: Dodged            |    65 |   156 |    62 ||   283
       Rpst.: Falchion   |       |    49 |     4 ||    53

Table legend:
 A = Spawn XP
 B = Non-spawn XP
 C = Spawn XP percentage of total XP
 D = Spawn monster count
 E = Non-spawn monster count
 F = Spawn count percentage of total count
 G = Total turns spent on level
                    A         B        C        D         E        F      G
               +---------+---------+-------+---------+---------+-------+---------
         Total |       0 |    1259 |   0.0 |       0 |     113 |   0.0 |  5173
               +---------+---------+-------+---------+---------+-------+---------
           D:1 |       0 |      85 |   0.0 |       0 |      31 |   0.0 |  1174
           D:2 |       0 |     261 |   0.0 |       0 |      12 |   0.0 |  1031
           D:3 |       0 |     266 |   0.0 |       0 |      40 |   0.0 |  1655
           D:4 |       0 |     585 |   0.0 |       0 |      22 |   0.0 |  1006
           D:5 |       0 |      62 |   0.0 |       0 |       8 |   0.0 |   307
               +---------+---------+-------+---------+---------+-------+---------
